 Dungeon Crawl Stone Soup version 0.26.1-2-gb8aa6d0cf2 (webtiles) character file.

Game seed: 14525240295763557460

39 pascalblue the Digger (level 3, -1/19 HPs)
             Began as a Deep Elf Earth Elementalist on Mar 16, 2021.
             Slain by a hobgoblin
             ... wielding a +0 club
              (2 damage)
             ... on level 1 of the Dungeon.
             The game lasted 00:02:56 (1068 turns).

pascalblue the Digger (Deep Elf Earth Elementalist) Turns: 1068, Time: 00:02:57

Health: -1/19      AC:  2    Str:  5    XL:     3   Next: 26%
Magic:  8/9        EV: 13    Int: 20    God:
Gold:   74         SH:  0    Dex: 15    Spells: 7/8 levels left

rFire    . . .     SeeInvis .   j - -1 dagger (curse)
rCold    . . .     Faith    .   (no shield)
rNeg     . . .     Spirit   .   c - +0 robe
rPois    .         Reflect  .   (no helmet)
rElec    .         Harm     .   (no cloak)
rCorr    .         Rampage  .   (no gloves)
Will     .....                  (no boots)
Stlth    ++........             (no amulet)
HPRegen  0.06/turn              (no ring)
MPRegen  0.11/turn              (no ring)

@: no status effects
A: no striking features
a: no special abilities


You were on level 1 of the Dungeon.
You visited 1 branch of the dungeon, and saw 1 of its levels.

You collected 74 gold pieces.

Inventory:

Hand Weapons
 b - a +0 dagger
 j - a cursed -1 dagger (weapon)
Armour
 c - a +0 robe (worn)
Scrolls
 a - a scroll of identify {unknown}
 e - a scroll of teleportation {unknown}
 f - a scroll of magic mapping {unknown}
Potions
 d - a potion of haste {unknown}
 g - a potion of brilliance {unknown}
 h - 2 potions of curing {unknown}
 i - a potion of degeneration {unknown}


   Skills:
 + Level 2.8 Dodging
 - Level 3.0 Stealth
 + Level 3.3 Spellcasting
 + Level 1.7 Transmutations
 * Level 3.9 Earth Magic


You had 7 spell levels left.
You knew the following spells:

 Your Spells              Type           Power        Failure   Level
a - Sandblast             Erth           38%          2%          1

Your spell library contained the following spells:

 Spells                   Type           Power        Failure   Level
 Passwall                 Tmut/Erth      11%          6%          2
 Stone Arrow              Conj/Erth      22%          19%         3
 Petrify                  Tmut/Erth      14%          38%         4
 Lee's Rapid Deconstruct  Erth           9%           58%         5


Dungeon Overview and Level Annotations

Branches:
Dungeon (1/15)

Altars:


Message History

You don't have any stones to cast with.
Unknown command.
You hit the hobgoblin but do no damage.
The hobgoblin is moderately wounded.
The hobgoblin closely misses you.
You barely miss the hobgoblin.
The hobgoblin is lightly wounded.
The hobgoblin hits you but does no damage.
The hobgoblin hits you but does no damage.
The hobgoblin hits you with a +0 club.
* * * LOW HITPOINT WARNING * * *
Things that are here:
a +0 dagger; a goblin corpse
b - a +0 dagger The hobgoblin hits you with a +0 club.
* * * LOW HITPOINT WARNING * * *
This spell is extremely dangerous to cast!
Memorise Stone Arrow, consuming 3 spell levels and leaving 4?
The hobgoblin hits you with a +0 club.
Your memorisation is interrupted.
You die...

.........#
.........# #.#
.........# #.#
.........###
#.###
...........
#.#.######
.........###
#........ #
†........... #
#.......###.#
.........#
#.#...###.....#
....†....#
#..@g†.....# .
###.######
###.##.....#..
....#
....#.#......#
########
######.#.......#
.......#
#......#####..#
.......#
#......+ ..#
.......#
#......# #..
÷......#
#......# .#
#'######
#......#


You could see a hobgoblin.

Vanquished Creatures
  An ooze (D:1)
  A dart slug (D:1)
  2 leopard geckos (D:1)
  A giant cockroach (D:1)
  3 hobgoblins (D:1)
  4 jackals (D:1)
  5 bats (D:1)
  2 frilled lizards (D:1)
  2 goblins (D:1)
  4 kobolds (D:1)
  8 rats (D:1)
33 creatures vanquished.

Notes
Turn   | Place    | Note
-------+----------+-------------------------------------------
     0 | D:1      | pascalblue the Deep Elf Earth Elementalist began the quest
                  | for the Orb.
     0 | D:1      | Reached XP level 1. HP: 10/10 MP: 6/6
   372 | D:1      | Reached XP level 2. HP: 15/15 MP: 6/8
   652 | D:1      | Reached XP level 3. HP: 14/19 MP: 3/9
  1068 | D:1      | Slain by a hobgoblin

Illustrated notes

Levels and vault maps discovered:
D:1:      lightli_arrival_chessboard, layout_basic, minmay_tetromino_o4

Skill      XL: |  1  2  3 |
---------------+----------+-----
Stealth        | 3 |  3.0
Dodging        | |  2.8
Spellcasting   | |  3.3
Transmutations | |  1.7
Earth Magic    | |  3.9

Action                   || total
-------------------------++-------
Melee: Unarmed           ||    22
       Dagger            ||    17
 Cast: Sandblast         ||    37
 Stab: Sleeping          ||     3
Armor: Robe              ||    14
Dodge: Dodged            ||    40
